 Dungeon Crawl Stone Soup version 0.30-a0-778-g2ef04afb54 (webtiles) character file.

Game seed: 11514767803996415666

488 bande the Chopper (level 7, -1/44 HPs)
             Began as a Gargoyle Fighter on Feb 17, 2023.
             Slain by Pimp's ghost (2 damage)
             ... on level 3 of the Dungeon.
             The game lasted 00:06:38 (3136 turns).

bande the Chopper (Gargoyle Fighter)                Turns: 3136, Time: 00:06:39

Health: -1/44      AC: 14    Str: 19    XL:     7   Next: 13%
Magic:  7/7        EV:  9    Int:  9    God:
Gold:   192        SH:  4    Dex: 11    Spells: 6/6 levels left

rFire   . . .      SeeInvis .    a - +1 war axe
rCold   . . .      Faith    .    c - +0 buckler
rNeg    + . .      Spirit   .    b - +0 scale mail
rPois   ∞          Reflect  .    (no helmet)
rElec   +          Harm     .    (no cloak)
rCorr   .          Rampage  .    (no gloves)
Will    .....                    o - +1 pair of boots Stlth
                                 (no amulet)
HPRegen 0.27/turn                (no ring)
MPRegen 0.10/turn                (no ring)

@: no status effects
A: sickness immunity, AC +4, negative energy resistance 1, electricity
resistance, torment resistance 1, petrification resistance
a: no special abilities


You were on level 3 of the Dungeon.
You visited 1 branch of the dungeon, and saw 3 of its levels.
You also visited: Sewer.

You collected 192 gold pieces.

Inventory:

Hand Weapons
 a - a +1 war axe (weapon)
 d - a +0 morningstar
Armour
 b - a +0 scale mail (worn)
 c - a +0 buckler (worn)
 o - a +1 pair of boots (worn)
Jewellery
 j - an amulet of faith
Scrolls
 e - a scroll of teleportation
 m - a scroll of blinking
 n - 3 scrolls of enchant armour
Potions
 f - a potion of cancellation {unknown}
 g - a potion of invisibility {unknown}
 k - 2 potions of curing
 l - a potion of degeneration {unknown}
 p - a potion of heal wounds {unknown}


   Skills:
 + Level 4.4 Fighting
 + Level 5.1 Axes
 + Level 4.8 Armour
 + Level 4.3 Shields


You had 6 spell levels left.
You didn't know any spells.
Your spell library contained the following spells:

 Spells                   Type           Power      Damage    Failure   Level
 Sandblast                Erth           0%         2d4       83%         1
 Passwall                 Tmut/Erth      0%         N/A       92%         2
 Stone Arrow              Conj/Erth      0%         3d7       99%         3


Dungeon Overview and Level Annotations

Branches:
Dungeon (3/15)              Sewer (visited)

Altars:

Shops:
D:1 [   D:3 [

Annotations:
D:3 1 transporter, Pimp's ghost, amateur DsFi


Innate Abilities, Weirdness & Mutations

You are immune to sickness and miasma.
Your stone body is resilient. (AC +4)
You are immune to poison.
You resist negative energy. (rN+)
You are resistant to electric shocks. (rElec)
You are resistant to unholy torment.
You are immune to petrification.


Message History

The bullfrog zombie hits you.
Pimp's ghost hits you but does no damage.
The howler monkey zombie hits you. The bullfrog zombie hits you.
The bullfrog zombie barely misses you. The centaur zombie closely misses you.
You block the centaur zombie's attack.
Unknown command.
You hit Pimp's ghost.
Pimp's ghost is moderately damaged.
You slash the centaur zombie!
You destroy the centaur zombie!
You hit the bullfrog zombie. You slash the howler monkey zombie!
You hit the bullfrog zombie. The bullfrog zombie hits you.
The howler monkey zombie hits you but does no damage.
The bullfrog zombie barely misses you. Pimp's ghost hits you.
* * * LOW HITPOINT WARNING * * *
The bullfrog zombie hits you but does no damage.
Unknown command.
You hit Pimp's ghost but do no damage.
Pimp's ghost is moderately damaged.
You slash the bullfrog zombie!
You hit the bullfrog zombie but do no damage.
You hit the howler monkey zombie.
The bullfrog zombie completely misses you.
The howler monkey zombie hits you.
* * * LOW HITPOINT WARNING * * *
You block Pimp's ghost's attack. The bullfrog zombie hits you.
* * * LOW HITPOINT WARNING * * *
You block the bullfrog zombie's attack. Pimp's ghost hits you.
* * * LOW HITPOINT WARNING * * *
The howler monkey zombie closely misses you.
You hit Pimp's ghost.
Pimp's ghost is heavily damaged.
You hit the bullfrog zombie. You hit the howler monkey zombie.
You hit the bullfrog zombie.
The bullfrog zombie hits you but does no damage.
The bullfrog zombie hits you.
* * * LOW HITPOINT WARNING * * *
The howler monkey zombie barely misses you.
You block the bullfrog zombie's attack. Pimp's ghost hits you.
You die...

.# #...................##...##
.#####.........................##
.#...#..#############...........#
.#...#..#...........#...........#
..)).#..#...........#...........#
.##..#..#..###!###..#..........##
.##.....#..#8#.#8#..#.....#...##
..#..#..#......ZW...#..##.#####
.......©#)....©Z@...#©...†#
.....#..#.......Z...#..#..##
#.#.....#..#8#.#8#..#..#...#
..#.#...#..###.###[.#....#.#
###.#...#.........[.#..###.#
........#[.........©#..##..#
##..##..#############..##.<####
#..##........................#
#..##.................#.#.##.##


You could see Pimp's ghost, 2 bullfrog zombies and a howler monkey zombie.

Vanquished Creatures
  Sigmund (D:3)
  A wight (D:3)
  A centaur zombie (D:3)
  An orc priest (D:3)
  Robin (D:2)
  4 river rats
  8 adders
  An ufetubus (D:3)
  A worm (D:3)
  2 dart slugs (D:1)
  3 orcs (D:3)
  6 bats
  7 endoplasms
  7 giant cockroaches
  8 goblins
  8 hobgoblins
  2 jackals (Sewer)
  4 quokkas
  10 ball pythons
  5 frilled lizards
  7 kobolds
  11 rats
99 creatures vanquished.

Vanquished Creatures (others)
  8 plants (Sewer)
  5 toadstools (D:1)
13 creatures vanquished.

Grand Total: 112 creatures vanquished

Notes
Turn   | Place    | Note
-------+----------+-------------------------------------------
     0 | D:1      | bande the Gargoyle Fighter began the quest for the Orb.
     0 | D:1      | Reached XP level 1. HP: 14/14 MP: 1/1
    63 | D:1      | Reached XP level 2. HP: 19/19 MP: 2/2
    99 | D:1      | Reached skill level 2 in Axes
   202 | D:1      | Found Plog's Armour Emporium.
   359 | D:1      | Reached XP level 3. HP: 22/23 MP: 3/3
  1008 | D:2      | Reached XP level 4. HP: 28/28 MP: 4/4
  1008 | D:2      | Noticed Robin
  1019 | D:2      | Reached skill level 3 in Axes
  1021 | D:2      | Killed Robin
  1898 | D:3      | Noticed Sigmund
  1905 | D:3      | Killed Sigmund
  1906 | D:3      | Reached skill level 4 in Axes
  1906 | D:3      | Reached XP level 5. HP: 33/33 MP: 5/5
  1906 | D:3      | Reached XP level 6. HP: 38/38 MP: 6/6
  2011 | D:3      | Found Isturch's Antique Armour Emporium.
  2059 | D:3      | Found a glowing drain.
  2084 | Sewer    | Entered a sewer
  2870 | D:3      | Noticed Pimp's ghost (amateur DsFi)
  2916 | D:3      | Found a transporter.
  2950 | D:3      | Found a transporter.
  3132 | D:3      | Reached skill level 5 in Axes
  3132 | D:3      | Reached XP level 7. HP: 35/44 MP: 7/7
  3136 | D:3      | HP: 1/44 [bullfrog zombie (4)]
  3136 | D:3      | Slain by Pimp's ghost

Illustrated notes

Levels and vault maps discovered:
D:1:      ldierk_walled_garden, layout_loops_ring, serial_shops, shop
D:2:      layout_basic, roderic_lattice_a, hangedman_decor_peaks_small,
          minmay_rat_gold_closets, uniq_robin
D:3:      layout_rooms, serial_shops, shop, gammafunk_ghost_mausoleum,
          cheibrodos_sewer_entry_sluice, uniq_sigmund

Skill      XL: |  1  2  3  4  5  6 |
---------------+-------------------+-----
Axes           | 2 4 5 |  5.1
Fighting       | 4 |  4.4
Armour         | 4 |  4.8
Shields        | 4 |  4.3

Action                     |  1- 3 |  4- 6 |  7- 9 || total
---------------------------+-------+-------+-------++-------
  Melee: War axe           |    97 |   186 |     4 ||   287
    Use: Scroll            |       |    12 |       ||    12
         Potion            |       |     1 |       ||     1
 Armour: Scale mail        |    47 |   137 |     8 ||   192
  Dodge: Dodged            |    37 |   112 |     7 ||   156
  Block: Buckler           |    23 |    52 |     4 ||    79

Table legend: (Time is in decaauts)
 A = Elapsed time spent in this place.
 B = Non-inter-level travel time spent in this place.
 C = Inter-level travel time spent in this place.
 D = Time resting spent in this place.
 E = Time spent auto-exploring this place.
 F = Levels seen in this place.
 G = Mean time per level.
                   A        B        C        D        E       F      G
               +--------+--------+--------+--------+--------+-----+--------+
         Total |   3390 |   3244 |    146 |    174 |   2267 |   4 |  847.5 |
       Dungeon |   2455 |   2309 |    146 |      0 |   1665 |   3 |  818.3 |
         Sewer |    935 |    935 |      0 |    174 |    601 |   1 |  935.0 |
               +--------+--------+--------+--------+--------+-----+--------+

Top non-repeatable levels by time:
     D:2: 1131 daAuts
   Sewer: 935 daAuts
     D:1: 778 daAuts
     D:3: 546 daAuts
